Blues vs Predators

Created - April 12, 2024 at 22:41

Goals
1 2 3 T
Blues 1 0 2 3
Predators 1 1 2 4
Shots
1 2 3 T
Blues 11 3 14 28
Predators 7 23 12 42

GoalsPenalties
1st period
1. Blues , Yanni Gourde 3 (Auston Matthews 3, Anthony DeAngelo 5) at 12:37
2. Predators , Darnell Nurse 2 (Colton Sissons 1, Cal Clutterbuck 2) at 12:56
J.T. Miller (NSH) for Diving (Minor) at 2:42
Jake McCabe (NSH) for Cross-checking (Minor) at 9:05
Nico Hischier (STL) for Boarding (Minor) at 9:05
Bo Horvat (NSH) for Holding Stick (Minor) at 13:05
2nd period
3. Predators , Taylor Hall 3 (J.T. Miller 3) at 14:09
Auston Matthews (STL) for Tripping (Minor) at 2:47
Logan Couture (STL) for Holding (Minor) at 11:58
3rd period
4. Blues , Jack Eichel 2 (Nico Hischier 2, Kris Letang 1) at 1:00
5. Predators , Bo Horvat 1 (Roman Josi 3, Alex Tuch 2) at 1:45
6. Blues , Sean Monahan 1 (Curtis Lazar 1, Anthony DeAngelo 6) at 4:45
7. Predators , Colton Sissons 1 (Yakov Trenin 1, Thomas Chabot 5) at 9:01
Lucas Raymond (NSH) for Hooking (Minor) at 13:50
Goalie Stats
Carter Hart (STL), 38 saves from 42 shots - (0.905), L, 1-1-0, 58:30 minutes
Ilya Sorokin (NSH), 25 saves from 28 shots - (0.893), W, 3-2-0, 60:00 minutes
3 StarsOfficial
1 - Colton Sissons (NSH)
2 - Darnell Nurse (NSH)
3 - Taylor Hall (NSH)
Referees : Steve Kozari and Michael Markovic
Linesman : Brian Mach and Pierre Racicot
Game Note
No Game Note
Finance
Level 1 -- Attendance: 6193 (95.28%) -- Ticket Income $681,230
Level 2 -- Attendance: 5000 (100.00%) -- Ticket Income $450,000
Level 3 -- Attendance: 2841 (81.17%) -- Ticket Income $213,075
Level 4 -- Attendance: 1113 (100.00%) -- Ticket Income $77,910
Luxury Box -- Attendance: 983 (98.30%) -- Ticket Income $221,175
Game was played at the Bridgestone Arena.
Total Attendance: 16130 (94.26%)
Total Ticket Income: $1,643,390
Other Income: $410,848
Total Income: $2,054,238



Team Name Goals Shots Shots Attemp Shots Blocked PIM HIT PP PK FO%
Blues 3286086220 / 3 (0%)055%
Predators 44276108190 / 2 (0%)045%

Blues
Player Name POS G A P +/- PIM HIT SHT SB MP PP MP PP SHT PK MP PK SHT FO% FOT
Alec MartinezD0000000019:330:0002:0700% 0
Alex NewhookC0000000012:332:2700:00033% 3
Anthony DeAngeloD0221012016:172:2710:0000% 0
Auston MatthewsC0110202020:573:3000:00057% 30
Cale MakarD000-2042124:263:3022:0700% 0
Carson SoucyD0001020112:270:0000:0000% 0
Clayton KellerRW0000002019:552:2710:000100% 1
Craig SmithC000-100104:540:0000:0000% 0
Curtis LazarC0110013010:060:0000:00040% 10
Filip HronekD000-2011420:420:0001:5100% 0
Jack EichelC1010022019:443:3000:0000% 1
Kris LetangD0110042123:052:2711:5100% 0
Logan CoutureC0000224122:443:3000:5300% 1
Marcus JohanssonLW000-100006:150:0001:2100% 0
Nico HischierC0110213019:433:3020:00055% 20
Sean MonahanC1010001013:130:0001:44060% 5
Steven LorentzC000-102107:080:0002:14064% 14
Yanni GourdeC1010022020:182:2701:44075% 4
Predators
Player Name POS G A P +/- PIM HIT SHT SB MP PP MP PP SHT PK MP PK SHT FO% FOT
Alex TuchRW0110015018:581:2510:0000% 1
Bo HorvatC1010213019:062:3310:00057% 23
Brandon CarloD000-1021123:311:3712:5200% 0
Cal ClutterbuckRW011200003:140:0000:000100% 2
Colton SissonsC112201408:220:0004:23033% 15
Darnell NurseD1012046222:281:2522:5200% 0
Gabriel VilardiRW000-1002015:070:0000:0000% 1
J.T. CompherLW0000003219:330:0004:230100% 2
J.T. MillerC0110205015:541:2530:49045% 22
Jake McCabeD0000200115:560:0003:0500% 0
Kyle ConnorLW000-1004019:442:3311:34033% 3
Lucas RaymondLW0000200118:362:3300:00033% 3
Nikita ZadorovD0000020015:540:0003:0500% 0
Roman JosiD011-1003220:262:3310:0000% 0
Tage ThompsonC000-1044015:070:0000:00035% 17
Taylor HallLW1010021014:211:2500:0000% 0
Thomas ChabotD0112011121:442:2100:0000% 0
Yakov TreninC011201003:590:0000:4500% 0



Play-by-Play

1st period


0:01 of 1st period - Auston Matthews wins face-off versus Lucas Raymond in neutral zone.
0:35 of 1st period - Bo Horvat is hit by Cale Makar and loses puck.
0:38 of 1st period - Shot by Bo Horvat.
0:38 of 1st period - Stopped by Carter Hart without a rebound.
0:39 of 1st period - Nico Hischier wins face-off versus Tage Thompson in Blues zone.
0:39 of 1st period - Nico Hischier is hit by Tage Thompson.
1:21 of 1st period - Shot by Logan Couture.
1:21 of 1st period - Stopped by Ilya Sorokin without a rebound.
1:22 of 1st period - J.T. Miller wins face-off versus Curtis Lazar in Predators zone.
1:40 of 1st period - Icing by Carson Soucy.
1:41 of 1st period - Alex Newhook wins face-off versus Colton Sissons in Blues zone.
1:46 of 1st period - Roman Josi is hit by Curtis Lazar and loses puck.
1:56 of 1st period - Icing by Anthony DeAngelo.
1:57 of 1st period - J.T. Miller wins face-off versus Curtis Lazar in Blues zone.
2:37 of 1st period - Icing by Jake McCabe.
2:38 of 1st period - J.T. Miller wins face-off versus Auston Matthews in Predators zone.
2:42 of 1st period - Minor Penalty to J.T. Miller for Diving.
2:43 of 1st period - Auston Matthews wins face-off versus Colton Sissons in Predators zone.
2:56 of 1st period - Shot by Logan Couture.
2:56 of 1st period - Shot Misses the Net.
3:27 of 1st period - Cale Makar is hit by Yakov Trenin.
4:54 of 1st period - Shot by Steven Lorentz.
4:54 of 1st period - Stopped by Ilya Sorokin without a rebound.
4:55 of 1st period - Bo Horvat wins face-off versus Steven Lorentz in Predators zone.
4:55 of 1st period - Bo Horvat is hit by Steven Lorentz.
5:05 of 1st period - Shot by Darnell Nurse.
5:05 of 1st period - Stopped by Carter Hart without a rebound.
5:06 of 1st period - Tage Thompson wins face-off versus Nico Hischier in Blues zone.
5:13 of 1st period - Shot by Kyle Connor.
5:13 of 1st period - Stopped by Carter Hart without a rebound.
5:14 of 1st period - Tage Thompson wins face-off versus Nico Hischier in Blues zone.
5:14 of 1st period - Kyle Connor is hit by Cale Makar and loses puck.
5:44 of 1st period - Shot by Cale Makar.
5:44 of 1st period - Shot Misses the Net.
5:51 of 1st period - Logan Couture is hit by Nikita Zadorov and loses puck.
6:10 of 1st period - Shot by Yanni Gourde.
6:10 of 1st period - Stopped by Ilya Sorokin without a rebound.
6:11 of 1st period - Bo Horvat wins face-off versus Auston Matthews in Predators zone.
6:22 of 1st period - Shot by Bo Horvat.
6:22 of 1st period - Shot Misses the Net.
6:24 of 1st period - Shot by Bo Horvat.
6:24 of 1st period - Shot Misses the Net.
6:38 of 1st period - Shot by Alex Tuch.
6:38 of 1st period - Shot Misses the Net.
7:03 of 1st period - Icing by Clayton Keller.
7:04 of 1st period - J.T. Miller wins face-off versus Auston Matthews in Blues zone.
7:57 of 1st period - Icing by Kris Letang.
7:58 of 1st period - Auston Matthews wins face-off versus Tage Thompson in Blues zone.
8:04 of 1st period - Brandon Carlo is hit by Kris Letang and loses puck.
8:07 of 1st period - Shot by Tage Thompson.
8:07 of 1st period - Shot Misses the Net.
8:09 of 1st period - Shot by Brandon Carlo.
8:09 of 1st period - Shot Misses the Net.
8:17 of 1st period - Shot by Tage Thompson.
8:17 of 1st period - Stopped by Carter Hart without a rebound.
8:18 of 1st period - Nico Hischier wins face-off versus Alex Tuch in Blues zone.
8:33 of 1st period - Shot by Logan Couture.
8:33 of 1st period - Shot Misses the Net.
9:04 of 1st period - Shot by Logan Couture.
9:04 of 1st period - Shot Blocked by Jake McCabe.
9:05 of 1st period - Minor Penalty to Jake McCabe for Cross-checking.
9:05 of 1st period - Minor Penalty to Nico Hischier for Boarding.
9:06 of 1st period - J.T. Compher wins face-off versus Sean Monahan in Predators zone.
9:33 of 1st period - Shot by Sean Monahan.
9:33 of 1st period - Shot Blocked by J.T. Compher.
9:38 of 1st period - Icing by Brandon Carlo.
9:39 of 1st period - J.T. Compher wins face-off versus Auston Matthews in Predators zone.
9:48 of 1st period - Shot by J.T. Compher.
9:48 of 1st period - Shot Blocked by Kris Letang.
10:56 of 1st period - Shot by Bo Horvat.
10:56 of 1st period - Shot Misses the Net.
11:04 of 1st period - Shot by Darnell Nurse.
11:04 of 1st period - Shot Misses the Net.
11:06 of 1st period - Shot by Colton Sissons.
11:06 of 1st period - Stopped by Carter Hart without a rebound.
11:07 of 1st period - Colton Sissons wins face-off versus Steven Lorentz in Blues zone.
11:20 of 1st period - Shot by Cal Clutterbuck.
11:20 of 1st period - Shot Misses the Net.
12:04 of 1st period - Shot by Tage Thompson.
12:04 of 1st period - Stopped by Carter Hart without a rebound.
12:05 of 1st period - Clayton Keller wins face-off versus Tage Thompson in Blues zone.
12:33 of 1st period - Shot by Auston Matthews.
12:33 of 1st period - Shot Blocked by Brandon Carlo.
12:37 of 1st period - Shot by Yanni Gourde.
12:37 of 1st period - Goal by Yanni Gourde - Blues : 1 - Predators : 0.
12:38 of 1st period - J.T. Miller wins face-off versus Curtis Lazar in neutral zone.
12:52 of 1st period - Icing by Filip Hronek.
12:53 of 1st period - Cal Clutterbuck wins face-off versus Curtis Lazar in Blues zone.
12:56 of 1st period - Shot by Darnell Nurse.
12:56 of 1st period - Goal by Darnell Nurse - Blues : 1 - Predators : 1.
12:57 of 1st period - Bo Horvat wins face-off versus Jack Eichel in neutral zone.
13:05 of 1st period - Minor Penalty to Bo Horvat for Holding Stick.
13:06 of 1st period - Auston Matthews wins face-off versus Colton Sissons in Predators zone.
13:14 of 1st period - Icing by Cale Makar.
13:15 of 1st period - Colton Sissons wins face-off versus Auston Matthews in Blues zone.
13:46 of 1st period - Shot by Cale Makar.
13:46 of 1st period - Stopped by Ilya Sorokin without a rebound.
13:47 of 1st period - Yanni Gourde wins face-off versus Colton Sissons in Predators zone.
14:22 of 1st period - Shot by Anthony DeAngelo.
14:22 of 1st period - Stopped by Ilya Sorokin without a rebound.
14:23 of 1st period - J.T. Miller wins face-off versus Logan Couture in Predators zone.
14:57 of 1st period - Shot by Nico Hischier.
14:57 of 1st period - Stopped by Ilya Sorokin with a rebound.
15:31 of 1st period - Shot by Alex Tuch.
15:31 of 1st period - Shot Misses the Net.
15:36 of 1st period - Steven Lorentz is hit by Darnell Nurse and loses puck.
15:46 of 1st period - Marcus Johansson is hit by Darnell Nurse and loses puck.
16:08 of 1st period - Icing by Anthony DeAngelo.
16:09 of 1st period - Curtis Lazar wins face-off versus Tage Thompson in Blues zone.
16:45 of 1st period - Shot by Alex Newhook.
16:45 of 1st period - Shot Misses the Net.
17:11 of 1st period - Shot by Nico Hischier.
17:11 of 1st period - Shot Blocked by Roman Josi.
17:13 of 1st period - Shot by Jack Eichel.
17:13 of 1st period - Shot Misses the Net.
17:15 of 1st period - Shot by Jack Eichel.
17:15 of 1st period - Stopped by Ilya Sorokin without a rebound.
17:16 of 1st period - Auston Matthews wins face-off versus J.T. Miller in Predators zone.
17:17 of 1st period - Shot by Clayton Keller.
17:17 of 1st period - Shot Misses the Net.
17:19 of 1st period - Shot by Clayton Keller.
17:19 of 1st period - Stopped by Ilya Sorokin without a rebound.
17:20 of 1st period - J.T. Miller wins face-off versus Auston Matthews in Predators zone.
18:27 of 1st period - Shot by Cale Makar.
18:27 of 1st period - Shot Misses the Net.
18:42 of 1st period - Shot by Nico Hischier.
18:42 of 1st period - Stopped by Ilya Sorokin without a rebound.
18:43 of 1st period - Curtis Lazar wins face-off versus Bo Horvat in Predators zone.
19:08 of 1st period - Shot by Curtis Lazar.
19:08 of 1st period - Stopped by Ilya Sorokin with a rebound.
Goals for this period are 1 for Blues vs 1 for Predators.
Shots for this period are 11 for Blues vs 7 for Predators.

2nd period


0:01 of 2nd period - Nico Hischier wins face-off versus Bo Horvat in neutral zone.
0:03 of 2nd period - Cale Makar is hit by Brandon Carlo and loses puck.
0:35 of 2nd period - Icing by Brandon Carlo.
0:36 of 2nd period - Auston Matthews wins face-off versus Bo Horvat in Predators zone.
0:45 of 2nd period - Shot by Auston Matthews.
0:45 of 2nd period - Deflect By Clayton Keller.
0:45 of 2nd period - Shot Blocked by Roman Josi.
0:55 of 2nd period - Shot by Alex Tuch.
0:55 of 2nd period - Stopped by Carter Hart without a rebound.
0:56 of 2nd period - J.T. Miller wins face-off versus Alex Newhook in Blues zone.
1:04 of 2nd period - J.T. Compher is hit by Carson Soucy.
2:06 of 2nd period - Shot by Nico Hischier.
2:06 of 2nd period - Shot Misses the Net.
2:10 of 2nd period - Shot by Logan Couture.
2:10 of 2nd period - Shot Blocked by Darnell Nurse.
2:12 of 2nd period - Shot by Filip Hronek.
2:12 of 2nd period - Stopped by Ilya Sorokin without a rebound.
2:13 of 2nd period - Yanni Gourde wins face-off versus Gabriel Vilardi in Predators zone.
2:30 of 2nd period - Shot by Kyle Connor.
2:30 of 2nd period - Shot Misses the Net.
2:45 of 2nd period - Kris Letang is hit by Tage Thompson and loses puck.
2:47 of 2nd period - Minor Penalty to Auston Matthews for Tripping.
2:48 of 2nd period - Bo Horvat wins face-off versus Steven Lorentz in Blues zone.
3:27 of 2nd period - Thomas Chabot is hit by Logan Couture and loses puck.
3:55 of 2nd period - Shot by J.T. Miller.
3:55 of 2nd period - Stopped by Carter Hart with a rebound.
3:57 of 2nd period - Shot by Darnell Nurse.
3:57 of 2nd period - Stopped by Carter Hart with a rebound.
3:59 of 2nd period - Shot by J.T. Miller.
3:59 of 2nd period - Stopped by Carter Hart without a rebound.
4:00 of 2nd period - Steven Lorentz wins face-off versus J.T. Miller in Blues zone.
4:19 of 2nd period - Shot by Darnell Nurse.
4:19 of 2nd period - Shot Misses the Net.
4:21 of 2nd period - Shot by Darnell Nurse.
4:21 of 2nd period - Stopped by Carter Hart with a rebound.
4:23 of 2nd period - Shot by Alex Tuch.
4:23 of 2nd period - Shot Blocked by Cale Makar.
4:29 of 2nd period - Shot by Alex Tuch.
4:29 of 2nd period - Shot Hit the Post.
4:43 of 2nd period - Shot by Roman Josi.
4:43 of 2nd period - Stopped by Carter Hart with a rebound.
4:45 of 2nd period - Shot by Brandon Carlo.
4:45 of 2nd period - Stopped by Carter Hart without a rebound.
4:46 of 2nd period - Steven Lorentz wins face-off versus Bo Horvat in Blues zone.
4:53 of 2nd period - Shot by Colton Sissons.
4:53 of 2nd period - Shot Misses the Net.
4:55 of 2nd period - Shot by Colton Sissons.
4:55 of 2nd period - Shot Misses the Net.
4:57 of 2nd period - Shot by Colton Sissons.
4:57 of 2nd period - Stopped by Carter Hart with a rebound.
4:59 of 2nd period - Shot by Colton Sissons.
4:59 of 2nd period - Shot Misses the Net.
5:03 of 2nd period - Shot by Colton Sissons.
5:03 of 2nd period - Stopped by Carter Hart without a rebound.
5:04 of 2nd period - Bo Horvat wins face-off versus Steven Lorentz in Blues zone.
5:11 of 2nd period - Shot by Alex Tuch.
5:11 of 2nd period - Shot Misses the Net.
5:36 of 2nd period - Icing by Cale Makar.
5:37 of 2nd period - Steven Lorentz wins face-off versus Tage Thompson in Blues zone.
6:14 of 2nd period - Shot by Auston Matthews.
6:14 of 2nd period - Shot Blocked by Darnell Nurse.
7:19 of 2nd period - Off-side.
7:20 of 2nd period - J.T. Miller wins face-off versus Curtis Lazar in neutral zone.
7:57 of 2nd period - Shot by Curtis Lazar.
7:57 of 2nd period - Stopped by Ilya Sorokin without a rebound.
7:58 of 2nd period - Bo Horvat wins face-off versus Nico Hischier in Predators zone.
8:25 of 2nd period - Shot by Alex Tuch.
8:25 of 2nd period - Stopped by Carter Hart without a rebound.
8:26 of 2nd period - Auston Matthews wins face-off versus Colton Sissons in Blues zone.
8:35 of 2nd period - Shot by Auston Matthews.
8:35 of 2nd period - Shot Blocked by Thomas Chabot.
8:44 of 2nd period - Shot by Thomas Chabot.
8:44 of 2nd period - Stopped by Carter Hart without a rebound.
8:45 of 2nd period - Lucas Raymond wins face-off versus Nico Hischier in Blues zone.
9:51 of 2nd period - Shot by Auston Matthews.
9:51 of 2nd period - Stopped by Ilya Sorokin without a rebound.
9:52 of 2nd period - Curtis Lazar wins face-off versus J.T. Miller in Predators zone.
9:52 of 2nd period - Curtis Lazar is hit by Thomas Chabot.
10:18 of 2nd period - Shot by Darnell Nurse.
10:18 of 2nd period - Stopped by Carter Hart with a rebound.
10:20 of 2nd period - Shot by J.T. Compher.
10:20 of 2nd period - Stopped by Carter Hart with a rebound.
10:26 of 2nd period - Shot by J.T. Miller.
10:26 of 2nd period - Stopped by Carter Hart without a rebound.
10:27 of 2nd period - Tage Thompson wins face-off versus Auston Matthews in Blues zone.
10:30 of 2nd period - Shot by Gabriel Vilardi.
10:30 of 2nd period - Stopped by Carter Hart without a rebound.
10:31 of 2nd period - Tage Thompson wins face-off versus Auston Matthews in Blues zone.
11:00 of 2nd period - Shot by Kyle Connor.
11:00 of 2nd period - Shot Misses the Net.
11:02 of 2nd period - Shot by Gabriel Vilardi.
11:02 of 2nd period - Stopped by Carter Hart with a rebound.
11:41 of 2nd period - Shot by Bo Horvat.
11:41 of 2nd period - Shot Blocked by Filip Hronek.
11:43 of 2nd period - Shot by Alex Tuch.
11:43 of 2nd period - Stopped by Carter Hart without a rebound.
11:44 of 2nd period - J.T. Miller wins face-off versus Nico Hischier in Blues zone.
11:46 of 2nd period - Taylor Hall is hit by Kris Letang and loses puck.
11:58 of 2nd period - Minor Penalty to Logan Couture for Holding.
11:59 of 2nd period - Steven Lorentz wins face-off versus Bo Horvat in Blues zone.
12:19 of 2nd period - Shot by Bo Horvat.
12:19 of 2nd period - Stopped by Carter Hart without a rebound.
12:20 of 2nd period - Steven Lorentz wins face-off versus J.T. Miller in Blues zone.
12:31 of 2nd period - Shot by Alex Tuch.
12:31 of 2nd period - Stopped by Carter Hart without a rebound.
12:32 of 2nd period - Bo Horvat wins face-off versus Sean Monahan in Blues zone.
12:47 of 2nd period - Shot by Kyle Connor.
12:47 of 2nd period - Stopped by Carter Hart without a rebound.
12:48 of 2nd period - Steven Lorentz wins face-off versus J.T. Miller in Blues zone.
12:48 of 2nd period - Steven Lorentz is hit by Taylor Hall.
13:04 of 2nd period - Shot by Alex Tuch.
13:04 of 2nd period - Deflect By J.T. Miller.
13:04 of 2nd period - Shot Blocked by Filip Hronek.
13:06 of 2nd period - Shot by J.T. Miller.
13:06 of 2nd period - Stopped by Carter Hart without a rebound.
13:07 of 2nd period - Sean Monahan wins face-off versus Bo Horvat in Blues zone.
13:15 of 2nd period - Off-side.
13:16 of 2nd period - Sean Monahan wins face-off versus Lucas Raymond in neutral zone.
14:09 of 2nd period - Shot by Taylor Hall.
14:09 of 2nd period - Goal by Taylor Hall - Blues : 1 - Predators : 2.
14:10 of 2nd period - Auston Matthews wins face-off versus Colton Sissons in neutral zone.
15:26 of 2nd period - Shot by Alex Tuch.
15:26 of 2nd period - Shot Misses the Net.
15:28 of 2nd period - Shot by Roman Josi.
15:28 of 2nd period - Stopped by Carter Hart without a rebound.
15:29 of 2nd period - Tage Thompson wins face-off versus Curtis Lazar in Blues zone.
15:45 of 2nd period - Tage Thompson is hit by Anthony DeAngelo and loses puck.
15:52 of 2nd period - Shot by Tage Thompson.
15:52 of 2nd period - Shot Misses the Net.
15:54 of 2nd period - Shot by Thomas Chabot.
15:54 of 2nd period - Shot Blocked by Carson Soucy.
15:56 of 2nd period - Shot by Thomas Chabot.
15:56 of 2nd period - Shot Misses the Net.
17:22 of 2nd period - Taylor Hall is hit by Nico Hischier and loses puck.
17:30 of 2nd period - Logan Couture is hit by Nikita Zadorov and loses puck.
18:19 of 2nd period - Off-side.
18:20 of 2nd period - Steven Lorentz wins face-off versus Tage Thompson in neutral zone.
18:26 of 2nd period - Cale Makar is hit by Darnell Nurse and loses puck.
18:51 of 2nd period - Gabriel Vilardi is hit by Steven Lorentz and loses puck.
19:05 of 2nd period - Tage Thompson is hit by Carson Soucy and loses puck.
Goals for this period are 0 for Blues vs 1 for Predators.
Shots for this period are 3 for Blues vs 23 for Predators.

3rd period


0:01 of 3rd period - Auston Matthews wins face-off versus J.T. Miller in neutral zone.
0:32 of 3rd period - J.T. Miller is hit by Cale Makar and loses puck.
0:43 of 3rd period - Shot by J.T. Miller.
0:43 of 3rd period - Shot Blocked by Filip Hronek.
0:45 of 3rd period - Shot by J.T. Compher.
0:45 of 3rd period - Stopped by Carter Hart without a rebound.
0:46 of 3rd period - Nico Hischier wins face-off versus Bo Horvat in Blues zone.
0:54 of 3rd period - Shot by Jack Eichel.
0:54 of 3rd period - Shot Misses the Net.
1:00 of 3rd period - Shot by Jack Eichel.
1:00 of 3rd period - Goal by Jack Eichel - Blues : 2 - Predators : 2.
1:01 of 3rd period - Curtis Lazar wins face-off versus Tage Thompson in neutral zone.
1:11 of 3rd period - Icing by Gabriel Vilardi.
1:12 of 3rd period - Nico Hischier wins face-off versus Kyle Connor in Predators zone.
1:31 of 3rd period - Shot by Kyle Connor.
1:31 of 3rd period - Stopped by Carter Hart without a rebound.
1:32 of 3rd period - Bo Horvat wins face-off versus Auston Matthews in Blues zone.
1:33 of 3rd period - Shot by Alex Tuch.
1:33 of 3rd period - Shot Blocked by Filip Hronek.
1:35 of 3rd period - Shot by Alex Tuch.
1:35 of 3rd period - Shot Misses the Net.
1:45 of 3rd period - Shot by Bo Horvat.
1:45 of 3rd period - Goal by Bo Horvat - Blues : 2 - Predators : 3.
1:46 of 3rd period - Nico Hischier wins face-off versus J.T. Miller in neutral zone.
1:49 of 3rd period - J.T. Miller is hit by Jack Eichel.
2:10 of 3rd period - Icing by Nico Hischier.
2:11 of 3rd period - Nico Hischier wins face-off versus Bo Horvat in Blues zone.
2:11 of 3rd period - Nico Hischier is hit by Bo Horvat.
2:34 of 3rd period - Shot by Logan Couture.
2:34 of 3rd period - Stopped by Ilya Sorokin without a rebound.
2:35 of 3rd period - Auston Matthews wins face-off versus Tage Thompson in Predators zone.
2:52 of 3rd period - Shot by Thomas Chabot.
2:52 of 3rd period - Shot Misses the Net.
3:14 of 3rd period - Shot by Tage Thompson.
3:14 of 3rd period - Shot Misses the Net.
3:16 of 3rd period - Shot by Darnell Nurse.
3:16 of 3rd period - Stopped by Carter Hart without a rebound.
3:17 of 3rd period - Bo Horvat wins face-off versus Nico Hischier in Blues zone.
4:35 of 3rd period - Shot by Anthony DeAngelo.
4:35 of 3rd period - Shot Misses the Net.
4:37 of 3rd period - Shot by Curtis Lazar.
4:37 of 3rd period - Stopped by Ilya Sorokin with a rebound.
4:39 of 3rd period - Shot by Curtis Lazar.
4:39 of 3rd period - Shot Misses the Net.
4:43 of 3rd period - Shot by Curtis Lazar.
4:43 of 3rd period - Shot Misses the Net.
4:45 of 3rd period - Shot by Sean Monahan.
4:45 of 3rd period - Goal by Sean Monahan - Blues : 3 - Predators : 3.
4:46 of 3rd period - Auston Matthews wins face-off versus Tage Thompson in neutral zone.
4:46 of 3rd period - Auston Matthews is hit by Tage Thompson.
4:56 of 3rd period - Gabriel Vilardi is hit by Filip Hronek and loses puck.
5:18 of 3rd period - Clayton Keller is hit by Darnell Nurse and loses puck.
5:38 of 3rd period - Icing by Thomas Chabot.
5:39 of 3rd period - Nico Hischier wins face-off versus Tage Thompson in Predators zone.
5:42 of 3rd period - Shot by Logan Couture.
5:42 of 3rd period - Stopped by Ilya Sorokin without a rebound.
5:43 of 3rd period - Nico Hischier wins face-off versus J.T. Miller in Predators zone.
5:50 of 3rd period - Shot by J.T. Miller.
5:50 of 3rd period - Deflect By J.T. Compher.
5:50 of 3rd period - Stopped by Carter Hart without a rebound.
5:51 of 3rd period - Nico Hischier wins face-off versus J.T. Miller in Blues zone.
5:51 of 3rd period - Logan Couture is hit by Taylor Hall and loses puck.
6:39 of 3rd period - J.T. Miller is hit by Jack Eichel and loses puck.
7:42 of 3rd period - Icing by Clayton Keller.
7:43 of 3rd period - Kyle Connor wins face-off versus Auston Matthews in Blues zone.
8:44 of 3rd period - Off-side.
8:45 of 3rd period - Cal Clutterbuck wins face-off versus Steven Lorentz in neutral zone.
9:01 of 3rd period - Shot by Colton Sissons.
9:01 of 3rd period - Goal by Colton Sissons - Blues : 3 - Predators : 4.
9:02 of 3rd period - Bo Horvat wins face-off versus Nico Hischier in neutral zone.
9:05 of 3rd period - Shot by Alex Tuch.
9:05 of 3rd period - Shot Blocked by Logan Couture.
9:07 of 3rd period - Shot by Roman Josi.
9:07 of 3rd period - Stopped by Carter Hart without a rebound.
9:08 of 3rd period - Bo Horvat wins face-off versus Auston Matthews in Blues zone.
9:16 of 3rd period - Clayton Keller is hit by Brandon Carlo and loses puck.
9:31 of 3rd period - Icing by Alex Tuch.
9:32 of 3rd period - Bo Horvat wins face-off versus Nico Hischier in Predators zone.
9:32 of 3rd period - Brandon Carlo is hit by Logan Couture and loses puck.
10:30 of 3rd period - J.T. Miller is hit by Kris Letang and loses puck.
10:35 of 3rd period - Shot by J.T. Compher.
10:35 of 3rd period - Shot Misses the Net.
11:02 of 3rd period - Icing by Kris Letang.
11:03 of 3rd period - Tage Thompson wins face-off versus Nico Hischier in Blues zone.
11:03 of 3rd period - Kyle Connor is hit by Kris Letang and loses puck.
11:08 of 3rd period - Shot by Tage Thompson.
11:08 of 3rd period - Deflect By Kyle Connor.
11:08 of 3rd period - Stopped by Carter Hart without a rebound.
11:09 of 3rd period - Auston Matthews wins face-off versus Tage Thompson in Blues zone.
11:38 of 3rd period - Shot by Tage Thompson.
11:38 of 3rd period - Stopped by Carter Hart without a rebound.
11:39 of 3rd period - Sean Monahan wins face-off versus Bo Horvat in Blues zone.
11:39 of 3rd period - Sean Monahan is hit by Alex Tuch.
12:18 of 3rd period - Shot by Alex Tuch.
12:18 of 3rd period - Stopped by Carter Hart with a rebound.
12:20 of 3rd period - Shot by Darnell Nurse.
12:20 of 3rd period - Shot Misses the Net.
12:22 of 3rd period - Shot by Thomas Chabot.
12:22 of 3rd period - Shot Misses the Net.
12:48 of 3rd period - Anthony DeAngelo is hit by Tage Thompson and loses puck.
13:15 of 3rd period - Shot by Tage Thompson.
13:15 of 3rd period - Stopped by Carter Hart without a rebound.
13:16 of 3rd period - Auston Matthews wins face-off versus J.T. Miller in Blues zone.
13:39 of 3rd period - Shot by Auston Matthews.
13:39 of 3rd period - Shot Misses the Net.
13:44 of 3rd period - J.T. Miller is hit by Cale Makar and loses puck.
13:49 of 3rd period - Shot by J.T. Miller.
13:49 of 3rd period - Stopped by Carter Hart without a rebound.
13:50 of 3rd period - Nico Hischier wins face-off versus Bo Horvat in Blues zone.
13:50 of 3rd period - Minor Penalty to Lucas Raymond for Hooking.
13:51 of 3rd period - Colton Sissons wins face-off versus Auston Matthews in Predators zone.
14:02 of 3rd period - Shot by Cale Makar.
14:02 of 3rd period - Stopped by Ilya Sorokin without a rebound.
14:03 of 3rd period - Auston Matthews wins face-off versus Colton Sissons in Predators zone.
14:36 of 3rd period - Shot by Cale Makar.
14:36 of 3rd period - Shot Misses the Net.
14:38 of 3rd period - Shot by Jack Eichel.
14:38 of 3rd period - Shot Misses the Net.
14:40 of 3rd period - Shot by Nico Hischier.
14:40 of 3rd period - Shot Blocked by J.T. Compher.
14:42 of 3rd period - Shot by Logan Couture.
14:42 of 3rd period - Shot Misses the Net.
15:08 of 3rd period - Shot by Clayton Keller.
15:08 of 3rd period - Stopped by Ilya Sorokin without a rebound.
15:09 of 3rd period - Colton Sissons wins face-off versus Yanni Gourde in Predators zone.
15:20 of 3rd period - Shot by Kris Letang.
15:20 of 3rd period - Stopped by Ilya Sorokin without a rebound.
15:21 of 3rd period - Auston Matthews wins face-off versus Colton Sissons in Predators zone.
15:30 of 3rd period - Shot by Cale Makar.
15:30 of 3rd period - Shot Misses the Net.
15:32 of 3rd period - Shot by Nico Hischier.
15:32 of 3rd period - Stopped by Ilya Sorokin without a rebound.
15:33 of 3rd period - Colton Sissons wins face-off versus Alex Newhook in Predators zone.
15:33 of 3rd period - Colton Sissons is hit by Yanni Gourde.
15:40 of 3rd period - Icing by Kris Letang.
15:41 of 3rd period - Yanni Gourde wins face-off versus Colton Sissons in Blues zone.
15:41 of 3rd period - Yanni Gourde is hit by Colton Sissons.
16:04 of 3rd period - Shot by Nico Hischier.
16:04 of 3rd period - Shot Misses the Net.
16:14 of 3rd period - Shot by Nico Hischier.
16:14 of 3rd period - Deflect By Logan Couture.
16:14 of 3rd period - Stopped by Ilya Sorokin without a rebound.
16:15 of 3rd period - Bo Horvat wins face-off versus Auston Matthews in Predators zone.
16:24 of 3rd period - Shot by Yanni Gourde.
16:24 of 3rd period - Shot Blocked by Lucas Raymond.
17:00 of 3rd period - Bo Horvat is hit by Yanni Gourde and loses puck.
17:56 of 3rd period - Icing by Thomas Chabot.
17:57 of 3rd period - Steven Lorentz wins face-off versus J.T. Miller in Predators zone.
17:58 of 3rd period - Shot by Craig Smith.
17:58 of 3rd period - Stopped by Ilya Sorokin without a rebound.
17:59 of 3rd period - Steven Lorentz wins face-off versus Kyle Connor in Predators zone.
18:30 of 3rd period - Blues, Carter Hart is pulled from the net.
19:12 of 3rd period - Shot by Jack Eichel.
19:12 of 3rd period - Shot Misses the Net.
19:14 of 3rd period - Shot by Anthony DeAngelo.
19:14 of 3rd period - Stopped by Ilya Sorokin without a rebound.
19:15 of 3rd period - Auston Matthews wins face-off versus J.T. Miller in Predators zone.
19:22 of 3rd period - Shot by Cale Makar.
19:22 of 3rd period - Deflect By Auston Matthews.
19:22 of 3rd period - Shot Misses the Net.
19:32 of 3rd period - Shot by Auston Matthews.
19:32 of 3rd period - Shot Misses the Net.
19:34 of 3rd period - Shot by Kris Letang.
19:34 of 3rd period - Stopped by Ilya Sorokin without a rebound.
19:35 of 3rd period - Auston Matthews wins face-off versus Colton Sissons in Predators zone.
19:42 of 3rd period - Shot by Cale Makar.
19:42 of 3rd period - Shot Misses the Net.
19:56 of 3rd period - Shot by Auston Matthews.
19:56 of 3rd period - Stopped by Ilya Sorokin with a rebound.
Goals for this period are 2 for Blues vs 2 for Predators.
Shots for this period are 14 for Blues vs 12 for Predators.